 Dungeon Crawl Stone Soup version 0.25-a0-108-gda8bd6cf83 (webtiles) character file.

Game seed: 17106319456778507371, levelgen mode: deterministic

130 night the Gusty (level 4, 0/35 HPs)
             Began as a Draconian Air Elementalist on Nov 17, 2019.
             Slain by an orc wizard
             ... wielding a +0 dagger
              (5 damage)
             ... on level 3 of the Dungeon.
             The game lasted 00:09:45 (3065 turns).

night the Gusty (Draconian Air Elementalist)        Turns: 3065, Time: 00:09:45

Health: 0/35       AC:  7    Str:  9 (10) XL:     4   Next: 90%
Magic:  2/7        EV: 12    Int: 17      God:
Gold:   98         SH:  0    Dex: 10 (11) Spells: 3/7 levels left

rFire    . . .     SeeInvis .     - Unarmed
rCold    . . .     Gourm    .   (no shield)
rNeg     . . .     Faith    .   (armour unavailable)
rPois    .         Spirit   .   (helmet restricted)
rElec    .         Reflect  .   (no cloak)
rCorr    .         Harm     .   j - +0 pair of gloves
MR       .....                  (no boots)
Stlth    ++........             (no amulet)
HPRegen  0.11/turn              (no ring)
MPRegen  0.10/turn              f - ring of wizardry

@: no status effects
A: unfitting armour, fangs 1, deterioration 1, shaggy fur 1, wild magic 1,
cold-blooded, AC +5
a: no special abilities


You were on level 3 of the Dungeon.
You were not hungry.

You visited 1 branch of the dungeon, and saw 3 of its levels.

You collected 98 gold pieces.

Inventory:

Missiles
 a - 6 poisoned darts (quivered)
Armour
 j - a +0 pair of gloves (worn)
Jewellery
 f - a ring of wizardry (right hand)
 g - an uncursed ring of fire
Scrolls
 c - 3 scrolls of enchant armour {unknown}
 i - a scroll of immolation {unknown}
 k - a scroll of magic mapping {unknown}
 l - 2 scrolls of noise {unknown}
Potions
 d - 2 potions of curing
 e - 3 potions of heal wounds
 h - a potion of flight {unknown}
 m - a potion of ambrosia {unknown}
Comestibles
 b - 4 rations


   Skills:
 + Level 1.4 Fighting
 + Level 2.3 Dodging
 - Level 1.7 Stealth
 + Level 1.4 Unarmed Combat
 + Level 2.4 Spellcasting
 + Level 1.9 Conjurations
 * Level 4.0 Air Magic


You had 3 spell levels left.
You knew the following spells:

 Your Spells              Type           Power        Failure   Level  Hunger
a - Shock                 Conj/Air       ###.         3%          1    #......
b - Static Discharge      Conj/Air       ###.....     9%          3    ###....

Your spell library contained the following spells:

 Spells                   Type           Power        Failure   Level  Hunger
 Swiftness                Chrm/Air       ##......     7%          2    ##.....
 Airstrike                Air            ###.......   19%         4    #####..
 Lightning Bolt           Conj/Air       ###.......   56%         5    ######.


Dungeon Overview and Level Annotations

Branches:
Dungeon (3/15)

Altars:
Elyvilon
Nemelex Xobeh
Qazlal
Vehumet


Innate Abilities, Weirdness & Mutations

Your plain brown scales are hard. (AC +5)
You cannot fit into any form of body armour.
You are cold-blooded and may be slowed by cold attacks.
You have very sharp teeth.
Your body sometimes deteriorates upon taking damage.
You are covered in fur. (AC +1)
Your spells are a little harder to cast, but a little more powerful.


Message History

You're too confused to move!
Something hits you.
You bump into the rock wall.
Something hits you.
You completely miss something. Something hits you but does no damage.
You bump into the rock wall.
Something hits you but does no damage.
You closely miss something.
Your tail-slap misses something.
Something hits you.
You bump into the rock wall.
Something hits you but does no damage.
You bump into the rock wall.
You feel less confused. Something hits you but does no damage.
You miss something.
You hear some strange, mumbled words.
A magic dart appears from out of thin air!
The magic dart hits you.
* * * LOW HITPOINT WARNING * * *
Your body deteriorates!
You feel clumsy.
You closely miss something. Something hits you.
* * * LOW HITPOINT WARNING * * *
You closely miss something. Something hits you.
You die...

...... ..... #. #..>
# .... #. #...
#..####.####.# #..#
#...(..).....## #..#
#...#....# #..#
##[###.#.###..# #{##
##....#..#####
##@###.#......รท.<..
##.#.##......#####
##.###.....##
#.......).#
#####.....#
#.........
#.##.#.##.# #. #.#.#
# #. #.#.#


There were no monsters in sight!

Vanquished Creatures
  Terence (D:2)
  An orc wizard (D:3)
  2 adders (D:2)
  An ooze (D:3)
  A dart slug (D:1)
  3 leopard geckos
  An orc (D:3)
  A giant cockroach (D:1)
  7 goblins
  9 hobgoblins
  A jackal (D:1)
  A ball python (D:1)
  8 bats
  5 frilled lizards
  4 kobolds
  10 rats
56 creatures vanquished.

Notes
Turn   | Place    | Note
-------+----------+-------------------------------------------
     0 | D:1      | night the Draconian Air Elementalist began the quest for
                  | the Orb.
     0 | D:1      | Reached XP level 1. HP: 14/14 MP: 3/3
   393 | D:1      | Reached XP level 2. HP: 8/20 MP: 0/5
  1365 | D:1      | Reached XP level 3. HP: 27/27 MP: 1/6
  1676 | D:2      | Learned a level 3 spell: Static Discharge
  1805 | D:2      | Noticed Terence
  1833 | D:2      | Killed Terence
  1833 | D:2      | Reached skill level 1 in Fighting
  1833 | D:2      | Reached skill level 1 in Unarmed Combat
  2018 | D:2      | Reached XP level 4. HP: 35/35 MP: 3/7
  2120 | D:2      | Found a stormy altar of Qazlal.
  2120 | D:2      | Found a sparkling altar of Nemelex Xobeh.
  2240 | D:2      | Found a white marble altar of Elyvilon.
  2841 | D:2      | Gained mutation: You are covered in fur. (AC +1) [potion of
                  | mutation]
  2841 | D:2      | Gained mutation: You have very sharp teeth. [potion of
                  | mutation]
  2841 | D:2      | Gained mutation: Your body sometimes deteriorates upon
                  | taking damage. [potion of mutation]
  2841 | D:2      | Gained mutation: Your spells are a little harder to cast,
                  | but a little more powerful. [potion of mutation]
  3029 | D:3      | Found a radiant altar of Vehumet.
  3040 | D:3      | Reached skill level 4 in Air Magic
  3065 | D:3      | Slain by an orc wizard

Levels and vault maps discovered:
D:1:      dpeg_arrival_brainrot, layout_basic
D:2:      layout_basic, elyvilon_altar_1,
          chequers_temple_overflow_statue_of_worship, first_ration,
          grunt_decor_mini_mirrors, uniq_terence
D:3:      layout_loops_ring, old_standard_altar, lemuel_coloured_pillars_altar,
          overflow_temple_1_default, uniq_robin

Skill      XL: |  1  2  3  4 |
---------------+-------------+-----
Dodging        | 2 |  2.3
Fighting       | 1 |  1.4
Unarmed Combat | 1 |  1.4
Air Magic      | 4 |  4.0
Stealth        | |  1.7
Spellcasting   | |  2.4
Conjurations   | |  1.9

Action                   |  1- 3 |  4- 6 || total
-------------------------+-------+-------++-------
Melee: Unarmed           |    93 |    37 ||   130
       Tailslap          |    12 |     1 ||    13
 Cast: Shock             |    50 |    35 ||    85
       Static Discharge  |     2 |     3 ||     5
  Use: Scroll            |     3 |     3 ||     6
       Potion            |       |     1 ||     1
 Stab: Sleeping          |     1 |       ||     1
  Eat: Chunk             |     4 |     4 ||     8
Armor: Skin              |    26 |    18 ||    44
Dodge: Dodged            |    73 |    26 ||    99

Table legend:
 A = Non-vault XP
 B = Vault XP
 C = Vault XP percentage of total XP
 D = Non-vault monster count
 E = Vault monster count
 F = Vault count percentage of total count
                 A         B        C        D         E       F
            +---------+---------+-------+---------+---------+-------
      Total |     149 |      38 |  20.3 |      54 |       2 |   3.6
            +---------+---------+-------+---------+---------+-------
        D:1 |      40 |       2 |   4.8 |      23 |       1 |   4.2
        D:2 |      61 |      36 |  37.1 |      25 |       1 |   3.8
        D:3 |      48 |       0 |   0.0 |       6 |       0 |   0.0
            +---------+---------+-------+---------+---------+-------
